[Event "1st Serbian League 2022"]
[Site "Vrnjacka Banja"]
[Date "2022.09.20"]
[Round "1.8"]
[White "Ivanisevic, Ivan"]
[Black "Gokerkan, Cem Kaan"]
[Result "0-1"]
[ECO "E05"]
[WhiteElo "2547"]
[BlackElo "2465"]
[Annotator "TA"]
[PlyCount "150"]
[EventDate "2022.09.20"]
[EventType "team-tourn"]
[EventCountry "SRB"]
[SourceTitle "playchess.com"]
[Source "ChessBase"]
[SourceQuality "1"]
[TimeControl "40/5400+30:1800+30"]

1. d4 Nf6 2. c4 e6 3. g3 d5 4. Bg2 Be7 5. Nf3 O-O 6. Nc3 dxc4 7. O-O Nc6 8. e3 Rb8 9. Qa4 Nb4 {[%emt 0:05:05][%cal Ob7b5] BESTDEEP} 10. Qxa7 {[%emt 0:02:57] BESTDEEP. E05: Open Catalan: 5 Nf3 Be7.} Bd7 {[%emt 0:01:20] CPLX 2.8} 11. Ne5 {[%emt 0:00:18][%csl LRb7,LRc4] CPLX 2.5} Nfd5 {[%emt 0:07:55] [#] RELBLUND 57 (Qd8-c8) (=19)} ({Black should try} 11... Qc8 $11) 12. Qxb8 $1 $14 {[%emt 0:01:37] BESTDEEP. White is slightly better.} Qxb8 {[%emt 0:00:45] RECAPT} 13. Nxd7 {[%emt 0:00:07] EASY} Qa7 {[%emt 0:03:09] Threatens to win with ...Re8. BESTDEEP} 14. Nxf8 {[%emt 0:00:47] CPLX 4.0} Bxf8 {[%emt 0:00:44] RECAPT} 15. Bd2 {[%emt 0:00:55] CPLX 3.7} c6 {[%emt 0:04:28] [#] CPLX 3.7} 16. a3 $146 ({Predecessor:} 16. b3 b5 17. bxc4 bxc4 18. a4 Nc2 19. Rac1 Ncb4 20. Ne4 Qa6 21. Bxb4 Nxb4 22. Nd2 Qxa4 23. Rxc4 {1-0 (48) Miton,K (2591)-Lysyj,I (2666) Warsaw 2013}) 16... Nd3 {[%emt 0:06:28] EASY} 17. Rfb1 {[%emt 0:02:25] CPLX 3.8 12 (Nc3xd5) (=2)} Qb6 {[%emt 0:05:18] CPLX 3.9} 18. Bf3 {[%emt 0:08:22] CPLX 3.9 16 (b2-b4) (=3)} e5 {[%emt 0:08:08] RELBLUND 95 (Qb6-d8) (=15)} (18... Qd8 $11) 19. dxe5 {[%emt 0:07:28] CPLX 4.2 95 (Nc3xd5) (=12)} (19. Nxd5 $16 cxd5 20. Bxd5 exd4 21. Bxc4) 19... Nxe5 $11 {[%emt 0:00:22] Pair of Knights! RECAPT} 20. Be2 {[%emt 0:00:05] Black must now prevent Nxd5. CPLX 3.9 27 (Bf3-g2) (=14)} ({Reject} 20. Nxd5 Nxf3+ 21. Kg2 Nh4+ 22. gxh4 cxd5 $17) (20. Bxd5 cxd5 21. Rd1 (21. Nxd5 $2 Qc6 $19) 21... Qh6 $19) 20... Nf6 {[%emt 0:00:45][%mdl 1024] Black has compensation. BESTDEEP} 21. Be1 {[%emt 0:13:58] CPLX 3.4 6 (a3-a4) (=13)} h5 {[%emt 0:01:21][%cal Bh7h5,Bh5h4,Bh4h3][%mdl 32] CPLX 3.4 0 (g7-g6) (=12)} 22. Rd1 {[%emt 0:10:15] DEEPSTRONG} h4 {[%emt 0:04:29] BESTDEEP} 23. Rd4 {[%emt 0:05:23] Black continues to play with concentration. CPLX 3.9 57 (g3xh4) (=15)} (23. gxh4 $15 Nd3 24. Rab1) 23... h3 $17 {[%emt 0:01:44] BESTDEEP} 24. Rb1 {[%emt 0:01:44] [#] MISSDEEP-a3-a4 147 (a3-a4) (=24)} (24. a4 $17) 24... c5 $1 $19 {[%emt 0:02:59] DEEPSTRONG=>BLUNDERREACT} 25. Rf4 {[%emt 0:09:50] BESTDEEP} Qe6 {[%emt 0:07:18] And now ...g5 would win. BESTDEEP} 26. Rd1 {[%emt 0:01:04] CPLX 4.0 51 (e3-e4) (=24)} g5 {[%emt 0:01:06] EASY} 27. Rxf6 {[%emt 0:00:05] CPLX 4.3} Qxf6 {[%emt 0:00:01] RECAPT} 28. Nd5 {[%emt 0:00:07] CPLX 3.5 37 (Kg1-f1) (=24)} Qe6 {[%emt 0:05:31] BESTDEEP} 29. Bc3 {[%emt 0:03:44] EASY} Bg7 {[%emt 0:03:13] BESTDEEP} 30. f3 {[%emt 0:04:38] CPLX 3.9 15 (Bc3xe5) (=22)} g4 {[%emt 0:03:00] BESTDEEP} 31. Bxe5 {[%emt 0:01:45] BESTDEEP} Qxe5 {[%emt 0:00:28] RECAPT 40 (g4xf3) (=8)} ({Don't blunder} 31... Bxe5 $2 32. Bxc4 Bxb2 33. Kf2 $19) 32. Rd2 {[%emt 0:00:19] EASY} gxf3 {[%emt 0:00:32] CPLX 3.8} 33. Bxf3 {[%emt 0:00:16] RECAPT} b5 {[%emt 0:00:33] CPLX 3.5} 34. Kf2 {[%emt 0:00:09] CPLX 3.5} Bh6 {[%emt 0:02:17] BESTDEEP} 35. Nf4 $2 {[%emt 0:01:22] CPLX 3.7 224 (Kf2-f1) (=26)} (35. Kf1) 35... Bxf4 {[%emt 0:03:35] BESTDEEP} 36. gxf4 {[%emt 0:00:04][%mdl 4096] Endgame KQ-KRB. RECAPT 133 (e3xf4) (=30)} Qf6 {[%emt 0:00:18] Prevents Rd8+. CPLX 3.3} 37. Be2 {[%emt 0:00:41] CPLX 3.0 72 (Rd2-e2) (=32)} Qh4+ {[%emt 0:01:36] CPLX 3.0 104 (Qf6-g6) (=10)} 38. Kf1 {[%emt 0:00:04] CPLX 3.0} Qe7 {[%emt 0:00:13] CPLX 3.2 98 (Qh4-h7) (=13)} 39. Kf2 {[%emt 0:00:06] CPLX 3.0} Qh4+ {[%emt 0:00:35] CPLX 3.0 400 (Qe7-f6) (=26)} 40. Kf1 $1 {[%emt 0:00:05] RELBLUND=>BLUNDERREACT} Qe7 {[%emt 0:00:41] CPLX 3.2 400 (Qh4-h7) (=37)} 41. Kf2 {[%emt 0:30:22] RELBLUND=>BLUNDERREACT} Qe4 {[%emt 0:02:51] CPLX 3.0} 42. Bf1 {[%emt 0:00:00] Inhibits Qg2+. CPLX 4.1 226 (Be2-f3) (=34)} b4 {[%emt 0:02:29] BESTDEEP} 43. axb4 {[%emt 0:00:00] CPLX 3.4} cxb4 {[%emt 0:00:11] RECAPT} 44. Bxh3 {[%emt 0:00:00] CPLX 3.2} Qb1 {[%emt 0:10:02] CPLX 3.0 2 (c4-c3) (=33)} 45. Bf1 {[%emt 0:00:00] CPLX 3.0 0 (Bh3-d7) (=31)} Qc1 {[%emt 0:02:26] CPLX 3.0 57 (c4-c3) (=34)} 46. Re2 {[%emt 0:00:00] BESTDEEP} Kg7 {[%emt 0:03:33] CPLX 2.9 172 (c4-c3) (=38)} 47. Bg2 {[%emt 0:00:00] CPLX 2.9} Qb1 {[%emt 0:01:26] BESTDEEP} 48. Bc6 {[%emt 0:00:00] BESTDEEP} Kf6 {[%emt 0:04:14] CPLX 3.1} 49. h4 {[%emt 0:00:00] CPLX 3.2 25 (h2-h3) (=29)} b3 {[%emt 0:03:46] BESTDEEP} 50. h5 {[%emt 0:00:00] CPLX 3.3 91 (Bc6-d5) (=30)} Qf5 $2 {[%emt 0:01:32] Against Bd5. CPLX 3.4 382 (Kf6-g7) (=43)} (50... Kg7 51. Rd2 c3 52. bxc3 (52. h6+ $2 Kxh6 53. bxc3 b2 $19) 52... b2) 51. h6 $2 {[%emt 0:00:20] RELBLUND 400 (Bc6-f3) (=39)} (51. Bf3) 51... Kg6 {[%emt 0:00:47] CPLX 3.6=>BLUNDERREACT} 52. Rd2 {[%emt 0:01:12] CPLX 3.6 0 (Kf2-f3) (=38)} Kxh6 {[%emt 0:01:04] CPLX 3.5} 53. Bd5 {[%emt 0:00:10] CPLX 2.9 400 (Rd2-e2) (=46)} c3 {[%emt 0:00:53] DEEPSTRONG=>BLUNDERREACT} 54. bxc3 {[%emt 0:00:12] CPLX 3.5} b2 {[%emt 0:00:11] EASY} 55. Ba2 {[%emt 0:02:36] CPLX 4.1} b1=Q {[%emt 0:00:11] CPLX 4.0 5 (b2-b1R) (=39)} 56. Bxb1 {[%emt 0:00:08] EASY} Qxb1 {[%emt 0:00:02] KQ-KR. RECAPT} 57. c4 {[%emt 0:00:36] CPLX 2.7 1 (Kf2-e2) (=42)} Qc1 {[%emt 0:00:22] BESTDEEP} 58. Rd4 {[%emt 0:00:10] RELBLUND 400 (Rd2-d6) (=50)} f5 {[%emt 0:01:47] CPLX 2.8=>BLUNDERREACT} 59. Rd6+ {[%emt 0:03:16] MISSDEEP-Rd4-d8 400 (Rd4-d8) (=57)} Kh5 {[%emt 0:00:09] CPLX 2.9} 60. Rd8 {[%emt 0:00:10] RELBLUND 5 (Rd6-d7) (=56)} Qb2+ {[%emt 0:00:38] CPLX 2.9 14 (Qc1xc4) (=35)} 61. Kf3 Kh4 62. Rd7 Qh8 63. Rd5 Qh5+ 64. Kf2 Kg4 65. Ke2 Kg3+ (65... Qh1 $142 66. Re5 Qb1) 66. Kd2 Kf3 {[%emt 0:01:48] Strongly threatening ...Qh2+.} 67. Re5 Qf7 68. Kc3 Qd7 69. c5 Qa4 70. Kd3 Qb4 {[%emt 0:00:14] Black mates.} 71. c6 Qd6+ 72. Kc4 Qxc6+ 73. Kd4 Qd6+ 74. Kc4 Qd2 75. Kc5 {[%emt 0:00:13] [#]} Qxe3+ $1 {[%emt 0:00:39][%mdl 512] Weighted Error Value: White=0.57/Black=0.38} 0-1

[Event "1st Serbian League 2022"]
[Site "Vrnjacka Banja"]
[Date "2022.09.20"]
[Round "1.9"]
[White "Arsovic, Goran"]
[Black "Perunovic, Milos"]
[Result "1/2-1/2"]
[ECO "D85"]
[WhiteElo "2362"]
[BlackElo "2542"]
[Annotator "TA"]
[PlyCount "32"]
[EventDate "2022.09.20"]
[EventType "team-tourn"]
[EventCountry "SRB"]
[SourceTitle "playchess.com"]
[Source "ChessBase"]
[SourceQuality "1"]
[TimeControl "40/5400+30:1800+30"]

1. d4 Nf6 2. c4 g6 3. Nc3 d5 4. cxd5 Nxd5 5. Bd2 c5 {[%emt 0:13:40] CPLX 2.3 28 (Nd5xc3) (=28)} 6. Rc1 {[%emt 0:05:52] CPLX 2.5 25 (d4xc5) (=25). D85: Exchange Grünfeld: Unusual White 7th moves and lines with 7 Nf3.} Nc6 {[%emt 0:11:42] CPLX 2.5 17 (Nd5xc3) (=23)} 7. dxc5 {[%emt 0:00:46] CPLX 2.5} Bg7 {[%emt 0:04:02] [#] CPLX 2.2} 8. e3 $146 {[%emt 0:09:27] CPLX 2.3 48 (Qd1-a4) (=24)} (8. Qa4 $14) ({Predecessor:} 8. e4 Ndb4 9. Nf3 O-O 10. a3 Nd3+ 11. Bxd3 Qxd3 12. Qe2 Qxe2+ 13. Kxe2 Be6 14. Nd5 Bxb2 {0-1 (34) Martinovic,S (2548)-Carlsen,M (2847) Krasnaya Polyana 2021}) 8... Ndb4 $11 {[%emt 0:10:18] CPLX 2.4} 9. a3 {[%emt 0:12:22] CPLX 2.6 0 (Qd1-e2) (=18)} Nd3+ {[%emt 0:01:04] EASY} 10. Bxd3 {[%emt 0:00:07] EASY} Qxd3 {[%emt 0:00:03] RECAPT} 11. Qe2 {[%emt 0:04:43] CPLX 3.0 25 (Ng1-e2) (=16)} Ne5 {[%emt 0:15:41] RELBLUND 53 (Qd3xe2) (=14)} ({Better is} 11... Qxe2+ $11 12. Ngxe2 O-O) 12. Nf3 {[%emt 0:16:40] CPLX 2.9 39 (f2-f4) (=20)} (12. f4 $5 Qxe2+ 13. Kxe2 $11) 12... Bg4 {[%emt 0:01:47] CPLX 3.1 48 (Ne5xf3) (=18)} (12... Nxf3+ $11 {might be stronger.} 13. gxf3 Qxe2+ 14. Kxe2 Be6) 13. Nxe5 $14 {[%emt 0:00:50] CPLX 3.4} Bxe2 {[%emt 0:00:22] A strong pair of Bishops. CPLX 5.0} 14. Nxd3 {[%emt 0:00:08] EASY} Bxd3 {[%emt 0:00:03] RECAPT} 15. Nd1 {[%emt 0:05:04] CPLX 2.0 34 (f2-f3) (=17)} O-O {[%emt 0:04:50] CPLX 2.0} 16. Bc3 {[%emt 0:00:49] CPLX 2.0} e5 {[%emt 0:01:01] Weighted Error Value: White=0.18 (very precise) /Black=0.19 (very precise)} 1/2-1/2

[Event "1st Serbian League 2022"]
[Site "Vrnjacka Banja"]
[Date "2022.09.20"]
[Round "1.10"]
[White "Miljkovic, Miroslav D"]
[Black "Ristic, Nenad"]
[Result "*"]
[ECO "D45"]
[WhiteElo "2456"]
[BlackElo "2267"]
[Annotator "TA"]
[PlyCount "32"]
[EventDate "2022.09.20"]
[EventType "team-tourn"]
[EventCountry "SRB"]
[SourceTitle "playchess.com"]
[Source "ChessBase"]
[SourceQuality "1"]
[TimeControl "40/5400+30:1800+30"]

1. d4 Nf6 2. Nf3 d5 3. c4 e6 4. Nc3 c6 5. e3 Nbd7 6. Qc2 Bd6 7. b3 O-O 8. Be2 b6 9. O-O Bb7 10. Bb2 Qe7 11. a4 a5 {[%emt 0:03:32] CPLX 2.5. The position is equal.} 12. Rfd1 {[%emt 0:03:11] CPLX 2.5 3 (Be2-d3) (=3) Recently 12.Rad1 got a lot of attention. D45: Semi-Slav: 5 e3.} Rfd8 {[%emt 0:16:26] CPLX 2.5} 13. Rac1 {[%emt 0:04:02] CPLX 2.5 0 (Be2-d3) (=2)} Rac8 {[%emt 0:00:48] [#] CPLX 2.5} 14. g3 $146 {[%emt 0:01:47] CPLX 2.5 0 (Be2-d3) (=1)} ({Predecessor:} 14. Qb1 Bb4 15. Na2 Bd6 16. Nc3 Bb4 17. Na2 {½-½ (17) Bykhovsky,A (2415)-Haimovich,T (2322) Herzliya 2000}) 14... h6 {[%emt 0:00:00] CPLX 2.4} 15. Bf1 {[%emt 0:13:10] BESTDEEP} Bb4 {[%emt 0:00:00] CPLX 2.4} 16. Bg2 {[%emt 0:17:52] CPLX 2.5} Ba6 {[%emt 0:00:00] An uneventful encounter.  Weighted Error Value: White=0.01 (flawless) /Black=0.00 (flawless)} *

[Event "1st Serbian League 2022"]
[Site "Vrnjacka Banja"]
[Date "2022.09.20"]
[Round "1.11"]
[White "Rajkovic, Mladen"]
[Black "Kosic, Dragan"]
[Result "1-0"]
[ECO "C08"]
[WhiteElo "2335"]
[BlackElo "2399"]
[Annotator "ChessBase"]
[PlyCount "111"]
[EventDate "2022.09.20"]
[EventType "team-tourn"]
[EventCountry "SRB"]
[SourceTitle "playchess.com"]
[Source "ChessBase"]
[SourceQuality "1"]
[TimeControl "40/5400+30:1800+30"]

1. e4 e6 2. d4 d5 3. Nd2 a6 4. Ngf3 c5 5. exd5 exd5 6. Be2 Nf6 7. dxc5 Bxc5 8. Nb3 Bb6 9. Qd3 Nc6 10. Be3 O-O 11. Bxb6 Qxb6 12. c3 Re8 13. O-O Bg4 14. Rae1 Re4 15. Nfd4 Rae8 16. f3 Re3 17. Qd2 Bd7 18. Bd3 Rxe1 19. Rxe1 Rxe1+ 20. Qxe1 a5 21. Qf2 Ne5 22. Nc1 g6 23. Bf1 Nc4 24. Nd3 Qd6 25. b3 Na3 26. Qe3 Nb5 27. Ne5 Nc7 28. g3 Qe7 29. a4 Be8 30. Kf2 Ne4+ 31. fxe4 Qxe5 32. exd5 Qxe3+ 33. Kxe3 Nxd5+ 34. Kd3 b6 35. Bg2 Nc7 36. Bc6 Kf8 37. b4 axb4 38. cxb4 Ke7 39. Bxe8 Kxe8 40. Kc4 Kd7 41. a5 bxa5 42. bxa5 f5 43. Kc5 h5 44. h4 Kc8 45. Kd6 Kb7 46. Ke5 Ka6 47. Nc6 Nb5 48. Ne7 Nc3 49. Kf4 Kxa5 50. Nxg6 Ne2+ 51. Kf3 Nd4+ 52. Ke3 Nc2+ 53. Kd3 Nb4+ 54. Kd4 Kb5 55. Nf4 Nc2+ 56. Ke5 1-0

[Event "1st Serbian League 2022"]
[Site "Vrnjacka Banja"]
[Date "2022.09.20"]
[Round "1.12"]
[White "Lazic, Miroljub"]
[Black "Mijailovic, Zoran"]
[Result "1-0"]
[ECO "A06"]
[WhiteElo "2300"]
[BlackElo "2345"]
[Annotator "ChessBase"]
[PlyCount "55"]
[EventDate "2022.09.20"]
[EventType "team-tourn"]
[EventCountry "SRB"]
[SourceTitle "playchess.com"]
[Source "ChessBase"]
[SourceQuality "1"]
[TimeControl "40/5400+30:1800+30"]

1. Nf3 c5 2. b3 d5 3. e3 Nf6 4. Bb5+ Bd7 5. Qe2 g6 6. Bb2 Bg7 7. Bxd7+ Nbxd7 8. c4 O-O 9. O-O Rc8 10. Rd1 dxc4 11. bxc4 Qa5 12. d3 Rfd8 13. a4 Ne8 14. Bxg7 Nxg7 15. Qb2 Qc7 16. Nbd2 Nf5 17. a5 Nd6 18. Rdc1 Nb8 19. d4 cxd4 20. exd4 Na6 21. c5 Nf5 22. Nc4 Nb8 23. Ne3 Nc6 24. d5 Nb8 25. d6 Qc6 26. Ne5 Qe8 27. N5g4 Ng7 28. Nd5 1-0

[Event "1st Serbian League 2022"]
[Site "Vrnjacka Banja"]
[Date "2022.09.20"]
[Round "1.13"]
[White "Sarana, Alexey"]
[Black "Krstulovic, Alex"]
[Result "1-0"]
[ECO "B13"]
[WhiteElo "2662"]
[BlackElo "2411"]
[Annotator "TA"]
[PlyCount "105"]
[EventDate "2022.09.20"]
[EventType "team-tourn"]
[EventCountry "SRB"]
[SourceTitle "playchess.com"]
[Source "ChessBase"]
[SourceQuality "1"]
[TimeControl "40/5400+30:1800+30"]

1. c4 c6 2. e4 d5 3. exd5 cxd5 4. d4 Nf6 5. Nc3 Nc6 6. Nf3 Be6 7. c5 g6 {[%emt 0:01:00] BESTDEEP} 8. Bb5 {[%emt 0:00:17] CPLX 2.0. B13: Caro-Kann: Exchange Variation and Panov-Botvinnik Attack.} Bg7 {[%emt 0:02:29] CPLX 2.3} 9. O-O {[%emt 0:00:40] BESTDEEP} O-O {[%emt 0:00:34] BESTDEEP} 10. h3 {[%emt 0:00:08] Inhibits Bg4. BESTDEEP. White has an edge.} Ne4 {[%emt 0:07:33] BESTDEEP} 11. Re1 Qa5 {[%emt 0:05:28] [#] CPLX 3.1} 12. Nxe4 $146 {[%emt 0:06:32] CPLX 3.3 18 (a2-a4) (=4)} ({Predecessor:} 12. Bxc6 Nxc3 {½-½ (12) Meinhardt,M (2374)-Schneider,I (2516) Karlsruhe 2017}) 12... Qxb5 {[%emt 0:03:31] EASY} 13. Nc3 {[%emt 0:03:22] EASY} Qc4 14. Be3 {[%emt 0:00:16] CPLX 2.8} Nb4 {[%emt 0:05:37] CPLX 2.7 31 (b7-b6) (=4)} 15. Bg5 {[%emt 0:27:40] CPLX 2.8} Rfe8 {[%emt 0:09:40] CPLX 3.0 38 (Nb4-c6) (=8)} 16. Qd2 {[%emt 0:01:14] CPLX 3.0 47 (Re1-e3) (=7)} (16. Re3 $14 {is more appropriate.}) 16... b6 {[%emt 0:08:49] CPLX 3.0 15 (Nb4-c6) (=8)} (16... Nd3 17. b3 Qa6 18. Red1 $16) 17. a3 {[%emt 0:17:48] CPLX 3.3 28 (Ra1-d1) (=9)} Nc6 {[%emt 0:02:01][%cal Bb4c6,Bc6a5,Ba5b3][%mdl 32] CPLX 3.3} 18. Ne2 {[%emt 0:01:10] CPLX 3.1 17 (c5xb6) (=10)} Na5 $1 {[%emt 0:06:41] And now ...Nb3 would win. DEEPSTRONG} (18... bxc5 19. Rac1 Qa6 20. Rxc5 $16) 19. Qe3 {[%emt 0:00:54] CPLX 2.9 15 (Ne2-c1) (=10)} bxc5 {[%emt 0:11:31] CPLX 2.9 6 (Qc4-b3) (=7)} 20. Rac1 {[%emt 0:00:23] CPLX 3.0 9 (Bg5-h6) (=10)} Qb3 {[%emt 0:00:07] CPLX 3.4 39 (Qc4-a6) (=9)} (20... Qa6 $5 ) 21. Rxc5 {[%emt 0:01:45] EASY} Qxe3 {[%emt 0:00:17] EASY} 22. fxe3 {[%emt 0:02:56] RECAPT} Nb3 {[%emt 0:04:31] CPLX 2.5 16 (Na5-c4) (=9)} 23. Rb5 $36 {[%emt 0:08:27][%mdl 2048] White has the initiative. EASY} Rab8 {[%emt 0:00:13] CPLX 2.6} 24. Rxb8 {[%emt 0:00:04] EASY} Rxb8 {[%emt 0:00:05] RECAPT} 25. Bxe7 {[%emt 0:00:04] CPLX 2.1} Na5 {[%emt 0:01:26] BESTDEEP} 26. b4 {[%emt 0:00:38] CPLX 2.1} Nc4 {[%emt 0:00:05][%csl LRa3,LRe3] EASY} 27. Nf4 {[%emt 0:00:05] CPLX 2.2 21 (Be7-c5) (=8)} Nxa3 {[%emt 0:01:21] CPLX 2.4 45 (Rb8-b7) (=9)} 28. Ra1 {[%emt 0:01:07] CPLX 2.3} Nb5 {[%emt 0:03:17] CPLX 2.5 39 (Rb8-b7) (=10)} 29. Nxe6 {[%emt 0:01:00] White is much more active. CPLX 2.4} fxe6 {[%emt 0:00:08] RECAPT} 30. Bc5 {[%emt 0:00:05] CPLX 2.0} Rb7 {[%emt 0:03:14] CPLX 2.0 33 (h7-h5) (=11)} 31. Ra6 {[%emt 0:01:15] CPLX 2.0} Bh6 {[%emt 0:03:31] CPLX 2.0 30 (Nb5-c3) (=12)} 32. Kf2 $1 {[%emt 0:01:30] BESTDEEP} (32. Rxe6 Kf7 33. Re5 Nc3 $16) 32... Nc3 {[%emt 0:00:53] CPLX 2.0} 33. Rxe6 {[%emt 0:04:56] CPLX 2.2 145 (Nf3-e5) (=12)} (33. Ne5 $16) 33... a5 $11 {[%emt 0:02:27] BESTDEEP} 34. bxa5 {[%emt 0:00:49][%cal Bb4a5,Ba5a6][%mdl 32] Black must now prevent Rb6. CPLX 2.3 0 (Nf3-e5) (=11)} Ne4+ {[%emt 0:02:14] EASY} 35. Kf1 {[%emt 0:03:47] CPLX 2.3 0 (Re6xe4) (=11)} Rb1+ {[%emt 0:01:34] BESTDEEP} 36. Ne1 {[%emt 0:00:05] aiming for a6. MISS-Kf1-e2 0 (Kf1-e2) (=10)} Ra1 {[%emt 0:04:14] CPLX 2.5 37 (Ne4-g3) (=11)} 37. a6 {[%emt 0:00:46] Hoping for a7. CPLX 2.5 37 (Bc5-b4) (=11)} (37. Bb4 $5 Bxe3 38. Ke2 Bxd4 39. Rc6 $14) 37... Bxe3 {[%emt 0:00:31][%cal Re4g3] CPLX 2.8 39 (Ne4-g3) (=12)} 38. Ke2 {[%emt 0:00:29] CPLX 2.7} Nxc5 {[%emt 0:00:50] EASY} 39. dxc5 {[%emt 0:01:20] RECAPT} Bxc5 $14 {[%emt 0:00:02][%mdl 4096] Endgame KRB-KRN. RECAPT} 40. Rc6 {[%emt 0:00:05] CPLX 2.2} Ra2+ {[%emt 0:00:52] CPLX 2.6 0 (Ra1-a5) (=11)} 41. Kd3 {[%emt 0:30:01] CPLX 2.2} Bf2 {[%emt 0:08:53] CPLX 2.7 4 (Ra2-a5) (=11)} 42. Nc2 {[%emt 0:00:00] CPLX 2.6} Kf7 {[%emt 0:00:54] CPLX 2.4} 43. Nb4 $1 {[%emt 0:00:00][%csl LRa2,LRd5] CPLX 2.4} Ra5 {[%emt 0:00:36] MISS-Ra2-a3 82 (Ra2-a3) (=12)} (43... Ra3+ $16 44. Ke2 Bd4) 44. Rc2 $1 $18 {[%emt 0:00:00] DEEPSTRONG=>BLUNDERREACT} ({Inferior is} 44. Rc7+ Ke6 $11) 44... Ra3+ {[%emt 0:03:47] [#] CPLX 2.4 45 (Bf2-b6) (=13)} 45. Ke2 $1 {[%emt 0:00:00] CPLX 2.2} Bg1 {[%emt 0:00:33] [#] CPLX 2.4 148 (Bf2-d4) (=17)} (45... Bd4 {was called for.} 46. Ra2 Rxa2+ 47. Nxa2 Ke6) 46. Ra2 $1 {[%emt 0:00:00] DEEPSTRONG=>BLUNDERREACT} Rxa2+ {[%emt 0:00:05] BEVAL 400 (Ra3-b3) (=26)} (46... Rb3 47. a7 (47. Nxd5 Ba7 $16) 47... Bxa7 48. Rxa7+ Kf6 49. Nxd5+ Ke5) 47. Nxa2 {[%emt 0:00:00] KB-KN. BEVAL. White is clearly winning.} Ke6 {[%emt 0:00:07] BEVAL} 48. Nc3 {[%emt 0:00:00] Threatens to win with Nb5. EVAL} Kd7 {[%emt 0:03:12] BEVAL 400 (Ke6-d6) (=34)} 49. Nxd5 {[%emt 0:00:00] BEVAL} Kc6 {[%emt 0:00:05] RELBLUND} 50. Nf6 {[%emt 0:00:00] BEVAL} h5 {[%emt 0:00:24] BEVAL} 51. Kf3 {[%emt 0:00:00] BEVAL} Bh2 {[%emt 0:00:53] BEVAL 400 (Bg1-b6) (=41)} 52. g3 {[%emt 0:00:00] White wants to mate with a7. BEVAL} Bg1 {[%emt 0:00:11] BEVAL} 53. Ke4 {[%emt 0:02:55] Weighted Error Value: White=0.09 (flawless) /Black=0.19 (very precise)} (53. Kf4 $142 Bh2 54. h4) 1-0